 Dungeon Crawl Stone Soup version 0.31-a0-672-g7da72447bb (webtiles) character file.

Game seed: 12238247314251539006

35205 randomguy2701 the Fencer (level 13, -1/177 HPs)
             Began as a Hill Orc Fighter on Sept 5, 2023.
             Was a High Priest of Beogh.
             Slain by a death yak (12 damage)
             ... on level 3 of the Lair of Beasts.
             The game lasted 00:29:05 (12882 turns).

randomguy2701 the Fencer (Hill Orc Fighter)        Turns: 12882, Time: 00:29:06

Health: -1/177     AC: 26    Str: 22    XL:     13   Next: 82%
Magic:  6/6        EV:  2    Int:  8    God:    Beogh [*****.]
Gold:   879        SH:  6    Dex: 15    Spells: 12/12 levels left

rFire   . . .        m - +12 falchion "Spiderslayer" {antimagic, rC+ rN+ Dex+3}
rCold   + . .        c - +0 buckler
rNeg    + . .        Q - melded +2 plate armour {rF+}
rPois   +            (helmet currently unavailable)
rElec   .            (cloak currently unavailable)
rCorr   .            I - melded +0 pair of gloves
SInv    .            b - melded +0 pair of boots
Will    .....        F - amulet of regeneration
Stlth   ++           d - +5 ring of evasion
HPRegen 1.29/turn    n - +5 ring of evasion
MPRegen 0.10/turn

%: no passive effects
@: tree-form
A: stationary, stasis, torment immunity, boosted hp, walk on water
a: Renounce Religion, Smiting, Recall Orcish Followers, Give Item to Named
Follower


You were on level 3 of the Lair of Beasts.
You worshipped Beogh.
Beogh was extremely pleased with you.
You were a tree.
You visited 2 branches of the dungeon, and saw 14 of its levels.
You also visited: Ossuary, Bailey and Volcano.

You collected 879 gold pieces.

Inventory:

Hand Weapons
 a - a +0 war axe
 m - the +12 falchion "Spiderslayer" (weapon) {antimagic, rC+ rN+ Dex+3}
   (You found it on level 3 of the Dungeon)

   Dex+3:     It affects your dexterity (+3).
   rC+:       It protects you from cold.
   rN+:       It protects you from negative energy.
 P - a +0 shortbow of flaming
Missiles
 M - 3 throwing nets
Armour
 b - a +0 pair of boots (melded)
 c - a +0 buckler (worn)
 I - a +0 pair of gloves (melded)
 Q - a +2 plate armour of fire resistance (melded)
Jewellery
 d - a +5 ring of evasion (left branch)
 f - a ring of ice
 g - a ring of protection from fire
 l - a ring of willpower
 n - a +5 ring of evasion (right branch)
 C - a +4 ring of protection
 F - an amulet of regeneration (around neck)
Wands
 B - a wand of polymorph (18)
 J - a wand of flame (25)
 O - a wand of charming (4)
Scrolls
 h - 3 scrolls of identify
 o - 8 scrolls of fog
 p - 4 scrolls of teleportation {unknown}
 q - 3 scrolls of fear {unknown}
 v - 2 scrolls of torment {unknown}
 w - 4 scrolls of vulnerability {unknown}
 y - 4 scrolls of enchant weapon {unknown}
 A - a scroll of brand weapon {unknown}
 D - a scroll of summoning {unknown}
 E - a scroll of revelation {unknown}
 H - 3 scrolls of blinking {unknown}
 K - a scroll of poison {unknown}
 L - 4 scrolls of enchant armour {unknown}
 R - a scroll of amnesia {unknown}
 S - a scroll of silence {unknown}
Potions
 e - 2 potions of lignification
 i - 5 potions of haste
 j - 3 potions of brilliance
 k - a potion of mutation {unknown}
 r - 3 potions of attraction
 s - 2 potions of magic
 t - 2 potions of berserk rage
 u - 8 potions of curing
 x - 3 potions of enlightenment
 z - a potion of resistance
 G - 9 potions of degeneration
 N - a potion of cancellation {unknown}


   Skills:
 + Level 12.2 Fighting
 + Level 16.3 Long Blades
 - Level 3.8 Axes
 + Level 11.5 Armour
 + Level 2.1 Dodging
 + Level 2.8 Stealth
 + Level 8.1 Shields
 * Level 9.9 Invocations


You had 12 spell levels left.
You didn't know any spells.
Your spell library contained the following spells:

 Spells                   Type           Power      Damage    Failure   Level
 Sting                    Tmut/Pois      0%         1d3       45%         1
 Poisonous Vapours        Pois/Air       0%         N/A       58%         2
 Animate Dead             Necr           0%         N/A       99%         4
 Olgreb's Toxic Radiance  Pois           0%         N/A       99%         4
 Summon Ice Beast         Ice/Summ       0%         N/A       99%         4
 Summon Mana Viper        Hex/Summ       0%         N/A       100%        5
 Haunt                    Necr/Summ      0%         N/A       100%        7
 Monstrous Menagerie      Summ           0%         N/A       100%        7
 Infestation              Necr           0%         N/A       100%        8


Dungeon Overview and Level Annotations

Branches:
Dungeon (11/15)            Temple (0/1) D:5            Lair (3/5) D:11
 Spider (0/4) Lair:3      Ossuary (visited)          Bailey (visited)
Volcano (visited)
  Swamp: Lair:2-3    Shoals: Lair:2-3       Orc: D:9-12

Altars:
Ashenzari
Cheibriados
Fedhas
Gozag
Hepliaklqana
Kikubaaqudgha
Makhleb
Nemelex Xobeh
Ru
Trog
Uskayaw
Vehumet
Xom
The Shining One

Shops:
D:1 (   D:2 ?   D:10 ([

Annotations:
D:4 2 transporters, exclusion: oklob plant, nroviw's ghost, amateur DjHW
D:9 1 runed translucent door, ytrimaz's ghost, novice OpSh


Message History

Okrist hits the blink frog with a +0 hand axe!
The blink frog barely misses Okrist.
You hit the death yak but do no damage.
The blink frog hits Okrist!
The blink frog closely misses Okrist.
Okrist hits the blink frog with a +0 hand axe!!
The blink frog dies!
Beogh accepts your kill.
Okrist hits the blink frog with a +0 hand axe!
You hit the death yak.
The death yak is lightly wounded.
The death yak gores you.
* * * LOW HITPOINT WARNING * * *
The blink frog closely misses Okrist.
You barely miss the death yak.
The death yak is lightly wounded.
The death yak gores you!
* * * LOW HITPOINT WARNING * * *
You turn into a tree.
Your +0 pair of gloves melds into your body.
Your +0 pair of boots melds into your body.
Your +2 plate armour of fire resistance melds into your body.
You feel less resistant to fire.
Your roots penetrate the ground.
The blink frog hits Okrist!
Okrist dies!
The death yak gores you!
* * * LOW HITPOINT WARNING * * *
You completely miss the death yak.
The death yak is lightly wounded.
The blink frog hits you but does no damage.
You hit the death yak.
The death yak is lightly wounded.
The death yak gores you but does no damage.
The blink frog hits you but does no damage.
You slash the death yak!
The death yak is moderately wounded.
You block the blink frog's attack.
You slash the death yak!
The death yak is heavily wounded.
The death yak gores you!
You die...

#. .# .. ... #
#. ..####P #.
##. #.....
#..##.. ####
#..P .......
#......##.Y###.#
........#
#.......YY♣F†##
#.......#
###..).####.).#
#.......# #..P##
##..# P.......#
##.## #.##
##.......P #.
#.####.........
..
#......).......
...
#...###........#
.#.. ###.##
##........ ...
#.#.. #........


You could see 3 death yaks and a blink frog.

Vanquished Creatures
  Josephine (D:10)
  Harold (D:9)
  4 two-headed ogres
  8 death yaks
  A hell knight (Volcano)
  A salamander mystic (Volcano)
  An orc knight (Bailey)
  Pikel (D:8)
  A manticore (D:11)
  4 salamanders (Volcano)
  A cyclops (D:11)
  2 elephants
  2 black mambas
  Maurice (D:10)
  4 cane toads
  2 molten gargoyles (Volcano)
  A torpor snail (Lair:3)
  Psyche (D:8)
  6 komodo dragons
  A kobold demonologist (D:11)
  A troll (D:9)
  5 hornets
  3 blink frogs (Lair:1)
  5 dream sheep (Lair:3)
  A vampire (D:10)
  A spriggan (Lair:3)
  7 wraiths
  20 yaks
  A wyvern (D:8)
  Eustachio (D:4)
  2 fire bats (Volcano)
  2 basilisks
  3 steam dragons
  Grum (Lair:1)
  2 redbacks (Lair:3)
  An acid dragon (D:9)
  9 water moccasins
  3 sky beasts
  3 ice beasts
  11 orc warriors
  2 black bears
  2 wolves (Lair:1)
  5 centaurs
  2 phantoms
  4 lemures (D:8)
  An elf zombie (Ossuary)
  10 kobold brigands
  9 bullfrogs
  A gnoll sergeant (D:10)
  5 scorpions
  5 wights (D:7)
  3 killer bees (D:9)
  3 howler monkeys (D:8)
  7 lava snakes (Volcano)
  3 hounds
  3 centaur zombies (Ossuary)
  4 orc priests
  3 jellies
  A gnoll bouda (D:6)
  4 orc wizards
  A sleepcap (D:6)
  Natasha (thrice) (D:4)
  2 iguanas
  2 ogre zombies (Ossuary)
  8 mummies
  11 adders
  8 gnolls
  2 shadow imps (D:11)
  A white imp (D:5)
  An ufetubus (D:5)
  2 adder zombies (Ossuary)
  A worm (D:2)
  2 dart slugs
  23 orcs
  4 endoplasms
  10 giant cockroaches
  A gnoll zombie (Ossuary)
  14 goblins
  3 hobgoblins
  3 jackals (D:2)
  3 quokkas
  3 ball pythons
  4 bats
  A frilled lizard (D:2)
  5 goblin zombies (Ossuary)
  8 hobgoblin zombies
  37 kobolds
  5 kobold skeletons (D:11)
  17 kobold zombies
  An orc zombie (D:7)
  3 quokka zombies (Ossuary)
  5 rats
  4 rat zombies (Ossuary)
401 creatures vanquished.

Vanquished Creatures (collateral kills)
  A death yak (D:11)
  2 elephants (Lair:3)
  Joseph (Lair:1)
  A komodo dragon (Lair:1)
  5 blink frogs
  4 yaks
  A basilisk (Lair:3)
  2 water moccasins (Lair:1)
  3 bullfrogs
20 creatures vanquished.

Vanquished Creatures (others)
  An orc knight (Lair:3)
  An orc wizard (Lair:1)
2 creatures vanquished.

Grand Total: 423 creatures vanquished

Notes
Turn   | Place    | Note
-------+----------+-------------------------------------------
     0 | D:1      | randomguy2701 the Hill Orc Fighter began the quest for the
                  | Orb.
     0 | D:1      | Reached XP level 1. HP: 19/19 MP: 1/1
    90 | D:1      | Reached XP level 2. HP: 27/27 MP: 2/2
   192 | D:1      | Found a faded altar of an unknown god.
   226 | D:1      | Found Cishaigh's Weapon Boutique.
   563 | D:2      | Found Qasuink's Magic Scroll Boutique.
   568 | D:2      | Reached XP level 3. HP: 33/33 MP: 3/3
  1072 | D:3      | Identified the +12 falchion "Spiderslayer" {antimagic, rC+
                  | rN+ Dex+3}
  1082 | D:3      | Reached XP level 4. HP: 38/41 MP: 4/4
  1633 | D:4      | Noticed nroviw's ghost (amateur DjHW)
  1633 | D:4      | Noticed Natasha
  1633 | D:4      | Noticed Eustachio
  1633 | D:4      | Noticed a phantom
  1633 | D:4      | Found a transporter.
  1634 | D:4      | Killed Natasha
  1635 | D:4      | Reached skill level 1 in Long Blades
  1640 | D:4      | Killed a phantom
  1641 | D:4      | Reached skill level 5 in Fighting
  1641 | D:4      | Reached skill level 2 in Long Blades
  1641 | D:4      | Reached XP level 5. HP: 42/48 MP: 1/5
  1648 | D:4      | Killed Eustachio
  1649 | D:4      | Reached skill level 3 in Long Blades
  1649 | D:4      | Reached skill level 1 in Dodging
  1649 | D:4      | Reached XP level 6. HP: 37/56 MP: 2/6
  1749 | D:4      | Found a transporter.
  1907 | D:4      | Found a sand-covered staircase.
  1912 | Ossuary  | Entered an ossuary
  2029 | Ossuary  | Reached skill level 4 in Long Blades
  2047 | Ossuary  | Reached XP level 7. HP: 61/61 MP: 2/7
  2083 | Ossuary  | Reached skill level 5 in Long Blades
  2521 | D:4      | Reached skill level 5 in Armour
  2603 | D:4      | Noticed Natasha
  2611 | D:4      | Killed Natasha
  2612 | D:4      | Reached skill level 6 in Long Blades
  2760 | D:4      | Found a blossoming altar of Fedhas.
  2771 | D:4      | Noticed an oklob plant
  2844 | D:4      | Noticed Natasha
  2853 | D:4      | Killed Natasha
  2920 | D:5      | Entered Level 5 of the Dungeon
  3044 | D:5      | Reached XP level 8. HP: 49/70 MP: 2/8
  3047 | D:5      | Reached skill level 7 in Long Blades
  3244 | D:5      | Reached skill level 8 in Long Blades
  3333 | D:5      | Found a staircase to the Ecumenical Temple.
  3731 | D:5      | Found a sparkling altar of Nemelex Xobeh.
  3901 | D:6      | Found a burning altar of Makhleb.
  3996 | D:6      | Reached skill level 9 in Long Blades
  4061 | D:6      | Found a radiant altar of Vehumet.
  4232 | D:6      | Reached XP level 9. HP: 65/75 MP: 3/9
  4436 | D:6      | Reached skill level 10 in Long Blades
  4783 | D:7      | Reached skill level 11 in Long Blades
  5238 | D:7      | Found a shimmering altar of Xom.
  5288 | D:7      | Became a worshipper of Beogh the Brigand
  5386 | D:7      | Reached XP level 10. HP: 72/84 MP: 3/10
  5900 | D:8      | Found a bloodstained altar of Trog.
  5936 | D:8      | Reached skill level 12 in Long Blades
  5946 | D:8      | Noticed Pikel
  5955 | D:8      | Killed Pikel
  6124 | D:8      | Noticed Psyche
  6137 | D:8      | Killed Psyche
  6203 | D:8      | Found a flagged portal.
  6206 | D:8      | Reached * piety under Beogh
  6218 | Bailey   | Entered a bailey
  6239 | Bailey   | Reached skill level 13 in Long Blades
  6277 | Bailey   | Noticed an orc knight
  6290 | Bailey   | Killed an orc knight
  6291 | Bailey   | Reached skill level 5 in Shields
  6353 | Bailey   | Found an iron altar of Okawaru.
  6619 | D:8      | Reached ** piety under Beogh
  6948 | D:9      | Reached skill level 14 in Long Blades
  6989 | D:9      | Found a runed translucent door.
  6992 | D:9      | Noticed ytrimaz's ghost (novice OpSh)
  7023 | D:9      | Reached XP level 11. HP: 77/93 MP: 3/11
  7085 | D:9      | Found a broken altar of Ashenzari.
  7150 | D:9      | Found a hide-covered altar of Uskayaw.
  7248 | D:9      | Found a snail-covered altar of Cheibriados.
  7251 | D:9      | Found a glowing golden altar of the Shining One.
  7251 | D:9      | Found an opulent altar of Gozag.
  7254 | D:9      | Found a hazy altar of Hepliaklqana.
  7254 | D:9      | Found a sacrificial altar of Ru.
  7322 | D:9      | Noticed Harold
  7335 | D:9      | Killed Harold
  7520 | D:10     | Entered Level 10 of the Dungeon
  7535 | D:10     | Found Kutt's Antique Weapon Shoppe.
  7542 | D:10     | Noticed a two-headed ogre
  7570 | D:10     | Reached skill level 1 in Invocations
  7722 | D:10     | Noticed Maurice
  7730 | D:10     | Killed Maurice
  7730 | D:10     | Reached *** piety under Beogh
  7753 | D:10     | Found Gasto's Antique Armour Shop.
  7815 | D:10     | Killed a two-headed ogre
  7955 | D:10     | Reached skill level 15 in Long Blades
  7955 | D:10     | Reached skill level 1 in Stealth
  8027 | D:10     | Noticed Josephine
  8046 | D:10     | Killed Josephine
  8082 | D:10     | Noticed a two-headed ogre
  8092 | D:10     | Killed a two-headed ogre
  8093 | D:10     | Reached skill level 5 in Invocations
  8093 | D:10     | Reached XP level 12. HP: 80/104 MP: 5/15
  8167 | D:10     | Noticed a two-headed ogre
  8175 | D:10     | Killed a two-headed ogre
  8226 | D:11     | Found a staircase to the Lair.
  8226 | D:11     | Noticed a death yak
  8261 | D:11     | Killed a death yak
  8324 | D:11     | Noticed a two-headed ogre
  8337 | D:11     | Killed a two-headed ogre
  8569 | D:11     | Reached skill level 10 in Fighting
  8873 | D:11     | Reached **** piety under Beogh
  8903 | D:11     | Found an ancient bone altar of Kikubaaqudgha.
  9078 | Lair:1   | Entered Level 1 of the Lair of Beasts
  9093 | Lair:1   | Noticed a death yak
  9096 | Lair:1   | Noticed a death yak
  9097 | Lair:1   | Noticed a death yak
  9108 | Lair:1   | Noticed a death yak
  9109 | Lair:1   | Noticed a death yak
  9109 | Lair:1   | Noticed a death yak
  9120 | D:11     | Killed a death yak
  9176 | D:11     | Killed a death yak
  9181 | D:11     | Killed a death yak
  9186 | D:11     | Killed a death yak
  9279 | D:11     | Killed a death yak
  9280 | D:11     | Reached skill level 10 in Armour
  9318 | Lair:1   | Killed a death yak
  9469 | Lair:1   | Reached XP level 13. HP: 110/116 MP: 6/18
  9509 | Lair:1   | Noticed Joseph
  9519 | Lair:1   | Killed Joseph
  9700 | Lair:1   | Found a dark tunnel.
  9721 | Lair:1   | Noticed Grum
  9730 | Lair:1   | Killed Grum
  9730 | Lair:1   | Reached ***** piety under Beogh
  9811 | Volcano  | Entered a volcano
  9943 | Volcano  | Reached skill level 16 in Long Blades
 10129 | Volcano  | Found a bloodstained altar of Trog.
 11584 | Lair:2   | Found a gate leading to a gauntlet.
 12349 | Lair:3   | Identified the +0 ring mail of Liethruna {Will+++}
 12484 | Lair:3   | Found a hole to the Spider Nest.
 12839 | Lair:3   | Gained Okrist as an ally
 12878 | Lair:3   | Your ally Okrist died
 12878 | Lair:3   | HP: 8/177 [death yak (10)]
 12882 | Lair:3   | Slain by a death yak

Illustrated notes

Levels and vault maps discovered:
D:1:      dpeg_arrival_stonehenge_8_columns, layout_basic, serial_shops, shop,
          ebering_ecumenical_altar_petrified, grunt_decor_one_mirror
D:2:      layout_rooms, serial_shops, shop_fountains
D:3:      layout_loops_ring
D:4:      layout_rooms, tgw_fedhas, gammafunk_ghost_mausoleum, enter_ossuary_2,
          serial_glass, glass_columns_b, glass_columns_c, glass_columns_b,
          glass_columns_b, glass_columns_a, glass_columns_a, uniq_natasha,
          uniq_eustachio
D:5:      layout_basic, nemelex_diamond_rough_becter,
          minmay_temple_entry_statues_pillars, serial_corexii_hall,
          corexii_hall_statues_s, chequers_hall_statues_y
D:6:      minmay_razor_zed, layout_cave_pools, lightli_temple_of_fire,
          mainiacjoe_overflow_tiny_flanked,
          nicolae_concentric_dashed_squares_wild, columned_hall_lemuel
D:7:      layout_basic, nicolae_overflow_hidden_temple, minmay_mini_ossuary
D:8:      layout_basic, bloody_trog, enter_bailey_7, uniq_pikel, uniq_psyche
D:9:      layout_roguey, mainiacjoe_overflow_chevrons,
          grunt_temple_overflow_open, mainiacjoe_overflow_boulevard,
          ebering_ghost_reflecting_pool, uniq_harold
D:10:     layout_basic, serial_shops, shop, nicolae_square_shop, uniq_josephine,
          uniq_maurice
D:11:     wander_kiku_kobolds, layout_layer_cave, david_lair_generic
Lair:1:   layout_regular_city, nicolae_volcano_entry_hallway, uniq_grum,
          uniq_joseph
Lair:2:   layout_cave_pods, gauntlet_entry_generic, minivault_19,
          serial_bayou_shore_b
Lair:3:   layout_small_grid, minmay_swamp_entry_worms,
          spider_nest_entry_funnel_web, grunt_forest_large_clearings

Skill      XL: |  1  2  3  4  5  6  7  8  9 10 11 12 13 |
---------------+----------------------------------------+-----
Axes           | 3 |  3.8
Fighting       | 4 5 6 7 9 11 12 | 12.2
Armour         | 4 5 6 7 9 10 11 | 11.5
Long Blades    | 2 3 4 6 9 11 14 15 16 | 16.3
Dodging        | 1 2 |  2.1
Shields        | 4 5 6 7 8 |  8.1
Invocations    | 5 7 9 |  9.9
Stealth        | 1 2 |  2.8

Action                     |  1- 3 |  4- 6 |  7- 9 | 10-12 | 13-15 || total
---------------------------+-------+-------+-------+-------+-------++-------
  Melee: War axe           |   101 |     2 |       |       |       ||   103
         Falchion          |       |    86 |   282 |   668 |   282 ||  1318
 Invoke: Convert to Beogh  |       |       |     1 |       |       ||     1
         Smiting           |       |       |       |       |     3 ||     3
  Evoke: Wand              |       |       |       |       |     6 ||     6
    Use: Potion            |       |       |       |     3 |     2 ||     5
         Scroll            |       |       |       |    10 |       ||    10
   Stab: Distracted        |       |       |       |     1 |     3 ||     4
 Armour: Scale mail        |    58 |       |       |       |       ||    58
         Plate armour      |    14 |    78 |   145 |   345 |   158 ||   740
         Skin              |       |       |       |       |     5 ||     5
  Dodge: Dodged            |    45 |    85 |   133 |   251 |    97 ||   611
  Block: Buckler           |    18 |    17 |    55 |   121 |    48 ||   259

Table legend: (Time is in decaauts)
 A = Elapsed time spent in this place.
 B = Non-inter-level travel time spent in this place.
 C = Inter-level travel time spent in this place.
 D = Time resting spent in this place.
 E = Time spent auto-exploring this place.
 F = Levels seen in this place.
 G = Mean time per level.
                   A        B        C        D        E       F      G
               +--------+--------+--------+--------+--------+-----+--------+
         Total |  12602 |  11608 |    994 |    116 |   9123 |  17 |  741.3 |
       Dungeon |   8378 |   7728 |    650 |    110 |   6120 |  11 |  761.6 |
          Lair |   2605 |   2261 |    344 |      6 |   1883 |   3 |  868.3 |
       Ossuary |    589 |    589 |      0 |      0 |    400 |   1 |  589.0 |
        Bailey |    243 |    243 |      0 |      0 |    162 |   1 |  243.0 |
       Volcano |    786 |    786 |      0 |      0 |    557 |   1 |  786.0 |
               +--------+--------+--------+--------+--------+-----+--------+

Top non-repeatable levels by time:
     D:7: 1169 daAuts
  Lair:2: 1119 daAuts
    D:11: 1033 daAuts
  Lair:1: 940 daAuts
     D:6: 940 daAuts
     D:5: 838 daAuts
 Volcano: 786 daAuts
     D:8: 745 daAuts
     D:4: 718 daAuts
     D:9: 656 daAuts
     D:3: 617 daAuts
    D:10: 601 daAuts
 Ossuary: 589 daAuts
     D:1: 584 daAuts
  Lair:3: 545 daAuts
